 Dungeon Crawl Stone Soup version 0.29-a0-334-gb41bcbb86e (webtiles) character file.

Game seed: 2132484747848248240

646843 dolemite99 the Gnoll Blade (level 27, -35/199 HPs)
             Began as a Gnoll Earth Elementalist on Apr 12, 2022.
             Was an Elder of Hepliaklqana.
             Killed from afar by an ancient lich (86 damage)
             ... with a crystal spear
             ... on level 5 of the Realm of Zot on Apr 14, 2022.
             The game lasted 03:57:51 (148970 turns).

dolemite99 the Gnoll Blade (GnEE)                 Turns: 148970, Time: 03:57:52

Health: -35/199    AC: 24    Str: 18    XL:     27
Magic:  35/55      EV: 21    Int: 35    God:    Hepliaklqana [****..]
Gold:   3884       SH: 20    Dex: 16    Spells: 11/65 levels left

rFire   + + +      SeeInvis +   a - staff of air
rCold   + . .      Faith    .   t - +5 kite shield {AC+3}
rNeg    . . .      Spirit   .   N - +5 ring mail {Will+}
rPois   .          Reflect  .   j - +2 hat {Int+3}
rElec   +          Harm     .   B - scarf {rC+ rF+}
rCorr   +          Rampage  .   X - +2 pair of gloves {Str+3}
Will    +++..                   T - -1 pair of boots of the Shore {Int+8}
Stlth   +++++++...              n - amulet of Mybba {RegenMP rCorr Str+6 SInv}
HPRegen 0.43/turn               l - ring "Fionytso" {rF+++ MP+9 Int-3 Dex+3 SInv}
MPRegen 0.74/turn               x - ring of wizardry {=R}

@: death channelling, studying 3 skills
A: reduced essence, fangs 1, strong nose, distributed training, hooves 1, noise
suppression
}: 3/15 runes: serpentine, barnacled, silver
a: Renounce Religion, Recall Ancestor, Ancestor Identity, Transference, Idealise


You were on level 5 of the Realm of Zot.
You worshipped Hepliaklqana.
Hepliaklqana was greatly pleased with you.
You visited 11 branches of the dungeon, and saw 52 of its levels.
You also visited: Ossuary.

You collected 8221 gold pieces.
You spent 4337 gold pieces at shops.

Inventory:

Hand Weapons
 b - a +6 hand crossbow of freezing
 g - a +5 demon trident of electrocution
Missiles
 I - 8 throwing nets (quivered)
 J - 16 javelins
 O - 18 silver javelins
Armour
 j - a +2 hat of intelligence (worn)
 t - a +5 kite shield of protection (worn)
 B - a scarf of resistance (worn)
 N - a +5 ring mail of willpower (worn)
 T - the -1 pair of boots of the Shore (worn) {Int+8}
   (You found it on level 3 of the Depths)

   Int:       It affects your intelligence (+8).
 X - a +2 pair of gloves of strength (worn)
Magical Staves
 a - a staff of air (weapon)
Jewellery
 d - the ring of Ysophic {+Blink rPois Dex+6}
   (You found it on level 3 of the Snake Pit)

   [ring of dexterity]

   Dex:       It affects your dexterity (+6).
   rPois:     It protects you from poison.
   +Blink:    It lets you blink.
 l - the ring "Fionytso" (left hand) {rF+++ MP+9 Int-3 Dex+3 SInv}
   (You took it off a vault guard on level 5 of the Vaults)

   [ring of see invisible]

   Int:       It affects your intelligence (-3).
   Dex:       It affects your dexterity (+3).
   rF:        It renders you almost immune to fire.
   MP:        It affects your magic capacity (+9).
   SInv:      It lets you see invisible.
 n - the amulet of Mybba (around neck) {RegenMP rCorr Str+6 SInv}
   (You took it off a merfolk javelineer on level 4 of the Shoals)

   [amulet of magic regeneration]

   It increases your rate of magic regeneration.
   Str:       It affects your strength (+6).
   SInv:      It lets you see invisible.
   rCorr:     It protects you from acid and corrosion.
 x - a ring of wizardry (right hand) {=R}
 y - the ring of Ascent {rF+ rC+ Slay+4}
   (You took it off a deep elf demonologist on level 3 of the Elven Halls)

   [ring of slaying]

   Slay:      It affects your accuracy & damage with ranged weapons and melee
   (+4).
   rF:        It protects you from fire.
   rC:        It protects you from cold.
 H - a ring of protection from cold
 L - a ring of willpower
Wands
 c - a wand of acid (4)
 k - a wand of paralysis (23)
 p - a wand of mindburst (5)
 D - a wand of iceblast (4)
 K - a wand of digging (14)
 Q - a wand of polymorph (22)
Scrolls
 h - 3 scrolls of enchant armour
 i - a scroll of amnesia
 q - 3 scrolls of fog
 r - 36 scrolls of identify {@r1}
 v - 3 scrolls of fear
 z - a scroll of holy word
 M - a scroll of blinking
 Y - 3 scrolls of silence
 Z - 27 scrolls of teleportation
Potions
 e - 10 potions of brilliance
 f - 10 potions of might
 m - 13 potions of curing
 u - 9 potions of mutation
 w - 2 potions of ambrosia
 A - 3 potions of haste
 C - 4 potions of cancellation
 E - 11 potions of berserk rage
 G - 8 potions of flight
 R - a potion of resistance
 V - 4 potions of magic
Miscellaneous
 o - a box of beasts
 s - a phantom mirror (inert)
 F - a lightning rod (4/4)
 P - a condenser vane (inert)
 S - a tin of tremorstones (2/2)
 U - a phial of floods


   Skills:
 + Level 19.2 Fighting
 + Level 19.2 Short Blades
 + Level 22.6 Long Blades
 + Level 19.2 Axes
 + Level 19.2 Maces & Flails
 + Level 19.2 Polearms
 + Level 19.2 Staves
 + Level 19.2 Slings
 + Level 20.8 Bows
 + Level 19.2 Crossbows
 + Level 19.2 Throwing
 + Level 19.2 Armour
 + Level 19.6 Dodging
 + Level 19.6 Stealth
 + Level 19.2 Shields
 + Level 19.2 Unarmed Combat
 + Level 19.7 Spellcasting
 + Level 16.4 Conjurations
 + Level 16.4 Hexes
 + Level 16.4 Summonings
 + Level 16.4 Necromancy
 + Level 16.4 Translocations
 + Level 16.5 Transmutations
 + Level 16.4 Fire Magic
 + Level 16.4 Ice Magic
 + Level 17.8 Air Magic
 + Level 17.2 Earth Magic
 + Level 16.4 Poison Magic
 + Level 20.7 Invocations
 + Level 19.2 Evocations


You had 11 spell levels left.
You knew the following spells:

 Your Spells              Type           Power      Damage    Failure   Level
a - Spellforged Servitor  Conj/Summ      49%        N/A       1%          7
b - Summon Lightning Spi  Summ/Air       100%       N/A       0%          4
c - Malign Gateway        Summ/Tloc      49%        N/A       1%          7
d - Borgnjor's Vile Clut  Necr/Erth      50%        N/A       1%          5
e - Passage of Golubria   Tloc           99%        N/A       0%          4
f - Blink                 Tloc           100%       N/A       0%          2
g - Statue Form           Tmut/Erth      66%        N/A       1%          6
h - Death Channel         Necr           49%        N/A       1%          6
i - Passwall              Tmut/Erth      83%        N/A       0%          2
k - Vampiric Draining     Necr           99%        2d13      0%          3
l - Sublimation of Blood  Necr           99%        N/A       0%          2
m - Iron Shot             Conj/Erth      50%        9d10      1%          6

Your spell library contained the following spells:

 Spells                   Type           Power      Damage    Failure   Level
 Animate Skeleton         Necr           100%       N/A       0%          1
 Apportation              Tloc           100%       N/A       0%          1
 Beastly Appendage        Tmut           100%       N/A       0%          1
 Foxfire                  Conj/Fire      100%       2x1d9     0%          1
 Freeze                   Ice            100%       1d11      0%          1
 Magic Dart               Conj           100%       1d8       0%          1
 Pain                     Necr           100%       1d9       0%          1
 Sandblast                Erth           100%       2d20      0%          1
 Corpse Rot               Necr/Air       100%       N/A       0%          2
 Ensorcelled Hibernation  Hex/Ice        100%       N/A       0%          2
 Poisonous Vapours        Pois/Air       100%       N/A       0%          2
 Scorch                   Fire           100%       2d10      0%          2
 Searing Ray              Conj           100%       2d8       0%          2
 Static Discharge         Conj/Air       100%       N/A       0%          2
 Confusing Touch          Hex            99%        N/A       0%          3
 Conjure Flame            Conj/Fire      99%        6-21      0%          3
 Dazzling Flash           Conj/Hex       100%       N/A       0%          3
 Frozen Ramparts          Ice            100%       1d12      0%          3
 Gell's Gravitas          Tloc           99%        N/A       0%          3
 Ignite Poison            Fire/Tmut/Pois 99%        N/A       0%          3
 Inner Flame              Hex/Fire       99%        N/A       0%          3
 Lesser Beckoning         Tloc           99%        N/A       0%          3
 Ozocubu's Armour         Ice            99%        N/A       0%          3
 Portal Projectile        Hex/Tloc       100%       N/A       0%          3
 Stone Arrow              Conj/Erth      100%       3d13      0%          3
 Summon Guardian Golem    Hex/Summ       99%        N/A       0%          3
 Swiftness                Air            100%       N/A       0%          3
 Teleport Other           Tloc           99%        N/A       0%          3
 Tukima's Dance           Hex            99%        N/A       0%          3
 Airstrike                Air            63%        N/A       0%          4
 Animate Armour           Summ/Erth      100%       N/A       0%          4
 Animate Dead             Necr           49%        N/A       0%          4
 Cause Fear               Hex            49%        N/A       0%          4
 Dispel Undead            Necr           99%        3d31      0%          4
 Fulminant Prism          Conj/Hex       49%        3d21      0%          4
 Hailstorm                Conj/Ice       99%        3d19      0%          4
 Ice Form                 Ice/Tmut       99%        N/A       0%          4
 Iskenderun's Mystic Bla  Conj/Tloc      99%        2d19      0%          4
 Leda's Liquefaction      Hex/Erth       50%        N/A       0%          4
 Olgreb's Toxic Radiance  Pois           99%        N/A       0%          4
 Petrify                  Tmut/Erth      100%       N/A       0%          4
 Sticky Flame             Conj/Fire      99%        2d11      0%          4
 Summon Ice Beast         Ice/Summ       99%        N/A       0%          4
 Agony                    Necr           99%        N/A       1%          5
 Alistair's Intoxication  Tmut/Pois      66%        N/A       1%          5
 Blade Hands              Tmut           50%        N/A       1%          5
 Excruciating Wounds      Necr           49%        N/A       1%          5
 Fireball                 Conj/Fire      49%        3d19      1%          5
 Freezing Cloud           Conj/Ice/Air   62%        6-21      1%          5
 Irradiate                Conj/Tmut      49%        3d29      1%          5
 Iskenderun's Battlesphe  Conj           99%        2d15      1%          5
 Lee's Rapid Deconstruct  Erth           50%        3d25*     1%          5
 Lightning Bolt           Conj/Air       62%        1d85      1%          5
 Manifold Assault         Tloc           99%        N/A       1%          5
 Summon Forest            Summ/Tloc      49%        N/A       1%          5
 Yara's Violent Unravell  Hex/Tmut       49%        3d19      1%          5
 Conjure Ball Lightning   Conj/Air       62%        3x3d22    1%          6
 Dispersal                Tloc           49%        N/A       1%          6
 Simulacrum               Ice/Necr       49%        N/A       1%          6
 Starburst                Conj/Fire      49%        6d14      1%          6
 Summon Cactus Giant      Summ           49%        N/A       1%          6
 Dragon Form              Tmut           50%        N/A       1%          7
 Orb of Destruction       Conj           49%        9d13      1%          7
 Ozocubu's Refrigeration  Ice            49%        4d14      1%          7
 Storm Form               Tmut/Air       62%        N/A       1%          7
 Summon Hydra             Summ           49%        N/A       1%          7
 Lehudib's Crystal Spear  Conj/Erth      50%        10d12     4%          8
 Borgnjor's Revivificati  Necr           49%        N/A       6%          8
 Discord                  Hex            49%        N/A       6%          8
 Disjunction              Tloc           49%        N/A       6%          8
 Ignition                 Fire           49%        3d14      6%          8
 Infestation              Necr           49%        N/A       6%          8
 Necromutation            Tmut/Necr      49%        N/A       6%          8
 Shatter                  Erth           50%        3d38*     52%         9
 Death's Door             Necr           49%        N/A       61%         9
 Dragon's Call            Summ           49%        N/A       61%         9
 Fire Storm               Conj/Fire      49%        8d13      61%         9
 Polar Vortex             Ice            49%        N/A       61%         9


Dungeon Overview and Level Annotations

Branches:
Dungeon (15/15)            Temple (1/1) D:6            Lair (6/6) D:11
 Shoals (4/4) Lair:2        Snake (4/4) Lair:3        Slime (0/5) Lair:5
    Orc (2/2) D:10            Elf (3/3) Orc:2        Vaults (5/5) D:14
  Crypt (3/3) Vaults:3       Tomb (0/3) Crypt:3      Depths (4/4) D:15
    Zot (5/5) Depths:4    Ossuary (visited)

Altars:
Ashenzari
Cheibriados
Dithmenos
Elyvilon
Fedhas
Gozag
Hepliaklqana
Kikubaaqudgha
Makhleb
Nemelex Xobeh
Okawaru
Qazlal
Ru
Sif Muna
Trog
Uskayaw
Vehumet
Wu Jian
Xom
Yredelemnul
Zin
The Shining One
Ignis
Jiyva
Lugonu

Shops:
D:1 !   D:13 (?:?   Orc:2 (((*   Elf:3 *   Shoals:1 *==   Shoals:3 :
Snake:2 (   Snake:3 ((??   Snake:4 *   Vaults:4 !*   Depths:3 :=:

Portals:
Hell: Depths:1 Depths:2 Depths:3 Depths:4
Abyss: D:8 Lair:6 Depths:1 Depths:3 Depths:4
Pandemonium: Depths:2
Ziggurat: Depths:3
Trove: Elf:1 (give horn of Geryon)

Annotations:
Lair:4 exclusion: oklob plant
Lair:5 exclusion: oklob plant
Shoals:3 Mara
Elf:2 3 runed translucent doors
Vaults:4 3 runed translucent doors, exclusion: obsidian statue, garrulousMonolith's ghost, veteran GnFi
Depths:1 36 runed doors
Depths:2 exclusion: obsidian statue
Depths:3 exclusion: 2 ice statues
Zot:4 exclusion: 2 downstairs
Zot:5 2 transporters, Cayster's ghost, legendary VSBe


Innate Abilities, Weirdness & Mutations

Your life essence is reduced to manifest your ancestor. (-10% HP)
You have very sharp teeth.
Your uncanny sense of smell can sniff out nearby items.
Your experience applies equally to all skills.
You have large cloven feet.
You passively dampen the noise of your surroundings.


Message History

Your spectral draconian monk is engulfed in blazing flames.
Something touches your eldritch tentacle.
Something touches your eldritch tentacle.
Your spectral purple draconian is engulfed in blazing flames.
Your spectral draconian monk is engulfed in blazing flames.
Something touches your eldritch tentacle!
With a roar, the tentacle is hauled back through the portal!
Your spectral purple draconian is engulfed in blazing flames.
Your spectral draconian monk is engulfed in blazing flames.
Your spectral purple draconian is engulfed in blazing flames.
Your spectral draconian monk is engulfed in blazing flames.
Artakama misses the ancient lich.
Your spellforged servitor is engulfed in blazing flames.
Your spectral draconian monk is engulfed in blazing flames.
Your spectral purple draconian is engulfed in blazing flames.
Your spectral purple draconian is engulfed in blazing flames.
Your spectral draconian monk is engulfed in blazing flames.
Casting: Borgnjor's Vile Clutch (safe; 1% risk of failure)
Confirm with . or Enter, or press ? or * to list all spells.
The dungeon shakes, a horrible noise fills the air, and a portal to some otherworldly place is opened!
You block the ancient lich's attack. x2
The ancient lich attacks as you move away!
The ancient lich touches you but does no damage.
The ancient lich points at you and mumbles some strange words.
The crystal spear hits you!!!!
* * * LOW HITPOINT WARNING * * *
Blink to where?
Press: ? - help, Dir - move target
As you read the scroll of blinking, it crumbles to dust.
You feel better.
Okay, then.
Aiming: Phantom Mirror
Press: ? - help, Dir - move target, f - ancient lich
Aim: an ancient lich (fast, slightly transparent)
You reflect the ancient lich with the mirror!
The mirror clouds!
Your ancient lich barely misses the ancient lich.
The ancient lich points at you and mumbles some strange words.
The crystal spear hits you!!!!
You die...

..# ##.###.....#.ZZZD......#. ..#
#...##.....#.ZLWD=z(}.©#. ..#
#...##.....#############. ..###
#................©....... ....#
##.##...#................
....######.##...############.....
....)).[...[..)..................
...........⌠.)....).....<........
..##...###...L..@...............#
▓▓▓########L########▓▓▓▓#########
#.........^...[.#
##...)...).^...## ##
#....)*.......# ^#
##.L.w.......## .# #...........#
.# ##.L.....)...## ^ .#
#.§...........# *.


You could see an ancient lich (fast, invisible, ally target) and a friendly
ancient lich (summoned, fast, invisible, drained).

Vanquished Creatures
  An ancient lich (Crypt:3)
  Sojobo (Depths:1)
  Boris (Vaults:5)
  3 Killer Klowns (Zot:5)
  2 caustic shrikes
  2 golden dragons
  Jory (Crypt:2)
  An electric golem (Zot:1)
  3 tentacled monstrosities
  2 titans
  2 liches
  3 Orb Guardians
  A deep elf blademaster (Elf:3)
  A walking divine tome (Depths:3)
  2 quicksilver dragons
  Polyphemus (Shoals:3)
  A deep elf master archer (Elf:3)
  2 ancient champions
  2 sphinxes
  Gastronok (D:10)
  3 eldritch tentacles
  2 storm dragons
  3 shadow dragons
  3 tengu reavers
  An azure jelly (Depths:3)
  2 nagarajas (Snake:4)
  A revenant (Crypt:1)
  3 frost giants
  An iron dragon (Depths:3)
  A draconian knight (Zot:2)
  6 vault wardens
  Aizul (Snake:4)
  5 fire giants
  A draconian scorcher (Zot:2)
  9 ghouls (Crypt:1)
  A deep elf elementalist (Elf:3)
  A curse skull (Vaults:3)
  4 ironbound preservers
  A draconian shifter (Zot:3)
  A draconian stormcaller (Zot:3)
  2 very ugly things
  5 stone giants
  8 war gargoyles
  A spriggan defender (Depths:2)
  A caustic shrike skeleton (Crypt:3)
  3 ironbound thunderhulks
  2 deep elf demonologists
  A green draconian (Zot:2)
  A yellow draconian (Depths:4)
  Nessos (Lair:5)
  3 vampire knights
  2 black draconians
  3 spark wasps
  3 purple draconians
  A white draconian (Depths:4)
  3 dire elephants (Vaults:1)
  A dire elephant (shapeshifter) (Depths:2)
  Snorg (Lair:5)
  A blizzard demon (Depths:2)
  3 crystal guardians (Crypt:3)
  2 merfolk javelineers (Shoals:4)
  An eidolon (Crypt:1)
  4 deep elf death magi
  A merfolk impaler (Shoals:4)
  7 ettins
  Josephine (Lair:5)
  A deep elf high priest (Elf:3)
  4 fire dragons
  2 jiangshi
  6 yaktaur captains
  2 great orbs of eyes
  2 spriggan zombies
  15 naga warriors
  A ghost crab (Depths:3)
  An ice dragon (Depths:1)
  4 boulder beetles
  A fenstrider witch zombie (Crypt:1)
  9 vault guards
  3 anacondas
  4 hydras
  5 ironbound frosthearts
  3 ogre magi
  3 catoblepae
  2 salamander tyrants
  A spriggan air mage (Depths:1)
  A satyr (Shoals:4)
  12 death yaks
  Erica (Lair:1)
  11 centaur warriors
  The ghost of a11behringer the Cleaver, a novice MiFi of Okawaru (D:8)
  27 dancing weapons
  2 death knights
  6 deep troll shamans
  A titan zombie (Crypt:1)
  3 deep troll earth magi
  A vampire mage (Crypt:2)
  4 shock serpents
  3 thrashing horrors (Lair:6)
  15 two-headed ogres
  A hell knight (Depths:1)
  9 deep elf knights
  3 salamander mystics (Snake:4)
  Sonja (Lair:5)
  4 naga sharpshooters
  A titan skeleton (Crypt:3)
  4 iron trolls
  12 skeletal warriors
  A golden dragon zombie (Crypt:3)
  18 deep trolls
  A sea snake (Snake:4)
  2 glowing orange brains
  A steelbarb worm (shapeshifter) (Depths:2)
  2 flayed ghosts
  A glowing orange brain (shapeshifter) (Lair:6)
  A goliath frog (shapeshifter) (Vaults:3)
  An obsidian statue (Depths:2)
  5 phantasmal warriors
  A golden dragon skeleton (Depths:1)
  2 deep elf archers
  2 bog bodies (Crypt:1)
  5 ironbound convokers
  A wolf spider zombie (D:15)
  13 deep elf pyromancers
  A fenstrider witch simulacrum (Crypt:1)
  4 wizards
  4 mana vipers
  11 harpies
  3 naga ritualists
  16 ugly things
  3 necromancers
  7 deep elf zephyrmancers
  5 manticores
  An eleionoma zombie (Crypt:2)
  A wolf spider (Depths:3)
  9 salamanders
  4 fauns
  6 cyclopes
  A naga zombie (Crypt:3)
  A frost giant skeleton (Crypt:1)
  2 guardian serpents
  3 moths of wrath
  3 naga magi
  16 black mambas
  Joseph (D:8)
  2 merfolk sirens
  5 vault sentinels
  18 elephants
  2 molten gargoyles (Depths:2)
  A smoke demon (Lair:6)
  3 water nymphs
  An unseen horror (D:12)
  An unseen horror (shapeshifter) (Lair:6)
  A nameless horror (Depths:1)
  A centaur skeleton (D:15)
  14 cane toads
  18 yaktaurs
  2 kobold demonologists
  An elf skeleton (Vaults:4)
  2 rime drakes
  2 freezing wraiths
  12 komodo dragons
  An ancient zyme (Lair:6)
  A tengu conjurer (D:12)
  A golden dragon simulacrum (Depths:3)
  2 efreet
  2 harpy zombies
  3 wind drakes
  A polar bear (Lair:6)
  3 trolls
  A meliai (Shoals:4)
  4 merfolk
  A snapping turtle (Shoals:4)
  18 blink frogs
  11 slime creatures
  A harpy skeleton (Crypt:3)
  A dream sheep (shapeshifter) (Depths:2)
  A jumping spider (Depths:3)
  Sigmund (D:6)
  3 air elementals
  12 flying skulls (Crypt:3)
  2 shadows
  7 water elementals
  2 spriggans (Lair:6)
  10 wraiths
  63 yaks
  2 vampires (D:9)
  8 basilisks
  18 fire elementals
  A yak (shapeshifter) (D:14)
  13 wyverns
  A wyvern (shapeshifter) (Depths:2)
  Grum (D:10)
  7 large abominations
  A human (shapeshifter) (Lair:6)
  4 chaos spawn
  A steam dragon (D:7)
  2 vampire mosquitoes (D:13)
  A spatial vortex (Depths:3)
  A warg (D:10)
  11 nagas
  Menkaure (D:4)
  17 water moccasins
  A deep troll skeleton (Crypt:1)
  5 black bears
  9 orc warriors
  2 sky beasts (D:6)
  18 ogres
  2 ice beasts
  A manticore zombie (Crypt:1)
  5 centaurs
  4 boggarts
  13 wolves
  11 small abominations
  2 kobold brigands
  3 phantoms
  17 bullfrogs
  4 necrophages
  5 gnoll sergeants
  11 scorpions
  4 earth elementals
  3 wights (D:7)
  A human simulacrum (Vaults:3)
  16 killer bees
  An elephant simulacrum (Depths:3)
  3 howler monkeys (D:11)
  A human zombie (Ossuary)
  A quasit (D:8)
  5 centaur zombies (Ossuary)
  3 hounds
  Crazy Yiuf (D:2)
  6 orc priests
  Terence (D:2)
  5 scorpion zombies (Ossuary)
  5 iguanas
  13 orc wizards
  A deep dwarf skeleton (Crypt:1)
  A hound zombie (Crypt:2)
  3 mummies (Ossuary)
  Robin (D:3)
  5 adders
  18 gnolls
  3 shadow imps
  2 white imps
  A worm zombie (Crypt:2)
  A worm (D:3)
  3 dart slugs
  32 orcs
  8 ball pythons
  4 bats
  5 endoplasms
  3 giant cockroaches
  2 gnoll zombies (Ossuary)
  16 goblins
  7 hobgoblins
  11 kobolds
  6 quokkas
  3 frilled lizards
  4 goblin zombies (Ossuary)
  2 hobgoblin zombies (Ossuary)
  2 kobold zombies (Ossuary)
  An orc skeleton (Crypt:1)
  An orc zombie (Ossuary)
  4 rats
  A pillar of salt (Elf:2)
  A tentacle (Shoals:1)
1158 creatures vanquished.

Vanquished Creatures (collateral kills)
  A dread lich (Vaults:5)
  4 orbs of fire (Zot:5)
  4 ancient liches
  4 juggernauts
  Vv (Zot:1)
  A Killer Klown (Zot:5)
  Bai Suzhen (Vaults:5)
  6 caustic shrikes
  A curse toe (Zot:3)
  Nikola (Shoals:4)
  11 golden dragons
  2 bone dragons
  An electric golem (Zot:5)
  16 tentacled monstrosities
  A deep elf blademaster (Elf:3)
  2 liches
  12 Orb Guardians
  10 quicksilver dragons
  4 titans
  A deep elf master archer (Elf:3)
  The ghost of Ciawup the Severer, an adept MiBe of Trog (Snake:3)
  5 death cobs
  4 sphinxes
  8 shadow dragons
  8 eldritch tentacles
  6 tengu reavers
  An azure jelly (Depths:3)
  4 draconian monks
  13 storm dragons
  4 nagarajas
  The ghost of Kuasaner the Warrior, an adept GrFi of Ashenzari (Snake:4)
  Roxanne (Shoals:4)
  2 revenants
  2 frost giants
  10 fire giants
  3 iron dragons (Depths:3)
  8 draconian knights
  A deep elf sorcerer (Elf:3)
  2 ghost moths
  A frost giant (shapeshifter) (Depths:2)
  5 draconian scorchers
  An orc warlord (Vaults:4)
  8 vault wardens
  7 draconian shifters
  A juggernaut zombie (Crypt:3)
  4 draconian stormcallers
  11 ironbound preservers
  A spriggan defender (Depths:2)
  7 ghouls
  5 draconian annihilators
  3 war gargoyles
  A very ugly thing (shapeshifter) (Depths:4)
  2 deep elf elementalists (Elf:3)
  A broodmother (shapeshifter) (Depths:2)
  17 stone giants
  4 vampire knights
  4 ironbound thunderhulks
  5 deep elf demonologists
  10 green draconians
  10 yellow draconians
  20 very ugly things
  17 purple draconians
  An entropy weaver (Vaults:1)
  A minotaur (Shoals:4)
  16 black draconians
  A spark wasp (shapeshifter) (Vaults:5)
  4 deep elf annihilators
  14 white draconians
  2 spark wasps
  3 dire elephants
  3 red draconians
  2 eidola
  4 fire dragons
  17 yaktaur captains
  3 merfolk javelineers
  A blizzard demon (Depths:2)
  8 deep elf death magi
  8 merfolk impalers
  A jiangshi (Crypt:2)
  8 deep elf high priests
  4 great orbs of eyes
  11 ettins
  2 rakshasas (Depths:1)
  5 naga warriors
  27 vault guards
  2 salamander tyrants (Snake:4)
  9 ice dragons
  A peacekeeper (Vaults:1)
  A hydra (shapeshifter) (Vaults:5)
  7 centaur warriors
  A spriggan air mage (Depths:1)
  2 ghost crabs (Depths:3)
  6 merfolk avatars
  A hydra (D:13)
  An alligator snapping turtle (Shoals:4)
  A quicksilver dragon skeleton (Depths:3)
  A death knight (Crypt:2)
  6 ogre magi
  An anaconda (Snake:1)
  A catoblepas (D:13)
  2 satyrs
  7 ironbound frosthearts
  A spriggan skeleton (Crypt:3)
  2 death yaks (Shoals:3)
  4 merfolk aquamancers
  2 two-headed ogres (shapeshifter) (Depths:2)
  17 dancing weapons
  10 two-headed ogres
  5 naga sharpshooters
  10 deep troll earth magi
  2 spriggan berserkers
  4 tengu warriors
  2 vampire magi
  9 deep troll shamans
  A shock serpent (Snake:1)
  12 hell knights
  An orc high priest (Elf:2)
  A storm dragon zombie (Crypt:3)
  7 salamander mystics
  8 deep elf knights
  13 iron trolls
  8 sea snakes
  12 skeletal warriors
  6 flayed ghosts
  2 shadow wraiths
  A bunyip zombie (Crypt:2)
  2 large abominations (Depths:4)
  A ghost moth zombie (Crypt:2)
  A glowing orange brain (shapeshifter) (Depths:2)
  33 deep trolls
  8 ironbound convokers
  5 naga ritualists
  7 glowing orange brains
  2 bog bodies
  10 harpies
  6 lindwurms
  An obsidian statue (Depths:2)
  A swamp dragon (Vaults:3)
  4 phantasmal warriors
  13 deep elf archers
  14 deep elf zephyrmancers
  8 necromancers
  3 mana vipers
  9 wizards
  6 orc knights
  17 deep elf pyromancers
  A tengu skeleton (Depths:3)
  A sphinx skeleton (Depths:3)
  9 manticores
  5 cyclopes
  6 fauns
  33 ugly things
  3 orc sorcerers (D:15)
  A moth of wrath (shapeshifter) (Vaults:5)
  12 salamanders
  An eleionoma skeleton (Crypt:1)
  3 guardian serpents
  23 moths of wrath
  A black mamba (shapeshifter) (Vaults:5)
  7 merfolk sirens
  16 vault sentinels
  An eye of devastation (shapeshifter) (Depths:3)
  A water nymph (shapeshifter) (Depths:2)
  A titan simulacrum (Depths:3)
  3 elephants
  A gargoyle (D:13)
  A centaur zombie (D:15)
  An alligator snapping turtle zombie (Crypt:3)
  6 water nymphs
  16 black mambas
  A cane toad (shapeshifter) (Depths:2)
  4 unseen horrors
  12 naga magi
  3 centaur skeletons
  4 freezing wraiths
  An efreet (D:13)
  A kobold demonologist (D:13)
  27 yaktaurs
  2 nameless horrors
  A harpy zombie (Crypt:3)
  An ancient zyme (D:8)
  2 tengu conjurers
  A polar bear (Vaults:3)
  3 trolls
  23 merfolk
  3 meliai (Shoals:4)
  A merfolk (shapeshifter) (Vaults:3)
  10 wind drakes
  A yaktaur skeleton (Vaults:4)
  A moth of wrath zombie (Crypt:1)
  18 slime creatures
  A hornet (shapeshifter) (Depths:2)
  5 snapping turtles
  2 blink frogs (Depths:3)
  A spriggan (shapeshifter) (D:14)
  3 air elementals
  4 flying skulls (Crypt:3)
  12 water elementals
  3 jumping spiders (Depths:3)
  3 wraiths
  3 fire elementals
  2 basilisks
  A hog (Depths:3)
  A basilisk (shapeshifter) (Vaults:3)
  A yaktaur simulacrum (Vaults:4)
  3 redbacks (Vaults:1)
  A redback (shapeshifter) (Depths:3)
  3 vampire mosquitoes (D:13)
  A spatial vortex (Depths:3)
  A warg (Orc:2)
  A deep troll zombie (Crypt:1)
  22 nagas
  A floating eye (Vaults:3)
  A floating eye (shapeshifter) (Vaults:4)
  13 orc warriors
  19 ogres
  A swamp dragon zombie (Crypt:1)
  3 small abominations
  3 boggarts (Vaults:2)
  A boggart (shapeshifter) (Vaults:5)
  3 fire dragon simulacra (Depths:3)
  An elephant skeleton (Crypt:1)
  3 necrophages
  7 earth elementals
  A glowing shapeshifter simulacrum (Depths:1)
  A troll zombie (Crypt:2)
  2 elephant simulacra (Depths:3)
  A vampire bat (Depths:3)
  4 orc priests
  11 orc wizards
  A hound skeleton (Crypt:1)
  2 naga simulacra (Depths:3)
  An ufetubus (Vaults:3)
  11 orcs
  A ball python skeleton (Crypt:2)
  2 ball lightnings (Depths:2)
  A plant (Depths:1)
  3 tentacles
1245 creatures vanquished.

Vanquished Creatures (others)
  123 eldritch tentacles
  A storm dragon (Zot:5)
  A draconian monk (Zot:2)
  A war gargoyle (Depths:2)
  A fire dragon (Depths:2)
  A deep elf knight (Elf:2)
  A salamander mystic (Snake:4)
  A glowing orange brain (shapeshifter) (Depths:2)
  An ugly thing (Depths:1)
  A storm dragon simulacrum (Depths:3)
  A yaktaur (Vaults:4)
  120 battlemagi
  8 ball lightnings (Depths:2)
  105 foxfires
  73 fungi
  230 plants
  5 tentacles
674 creatures vanquished.

Grand Total: 3077 creatures vanquished

Notes
Turn   | Place    | Note
-------+----------+-------------------------------------------
     0 | D:1      | dolemite99 the Gnoll Earth Elementalist began the quest for
                  | the Orb.
     0 | D:1      | Reached XP level 1. HP: 13/13 MP: 6/6
   366 | D:1      | Reached XP level 2. HP: 19/19 MP: 5/7
   605 | D:1      | Found Tughis's Distillery.
   642 | D:1      | Found a faded altar of an unknown god.
   795 | D:1      | Prayed at the altar of an unknown god.
   795 | D:1      | Became a worshipper of Ignis, the Dying Flame
  1299 | D:2      | Reached skill level 5 in Spellcasting
  1299 | D:2      | Reached XP level 3. HP: 23/25 MP: 3/9
  1458 | D:2      | Reached skill level 1 in Invocations
  1583 | D:2      | Found a runed translucent door.
  1584 | D:2      | Noticed Crazy Yiuf
  1837 | D:2      | Noticed Terence
  1978 | D:1      | Reached skill level 1 in Fighting
  1978 | D:1      | Reached skill level 1 in Short Blades
  1978 | D:1      | Reached skill level 1 in Long Blades
  1978 | D:1      | Reached skill level 1 in Axes
  1978 | D:1      | Reached skill level 1 in Maces & Flails
  1978 | D:1      | Reached skill level 1 in Polearms
  1978 | D:1      | Reached skill level 1 in Staves
  1978 | D:1      | Reached skill level 1 in Slings
  1978 | D:1      | Reached skill level 1 in Bows
  1978 | D:1      | Reached skill level 1 in Crossbows
  1978 | D:1      | Reached skill level 1 in Throwing
  1978 | D:1      | Reached skill level 1 in Armour
  1978 | D:1      | Reached skill level 1 in Shields
  1978 | D:1      | Reached skill level 1 in Unarmed Combat
  1978 | D:1      | Reached skill level 1 in Evocations
  2287 | D:3      | Reached XP level 4. HP: 29/32 MP: 8/11
  2387 | D:3      | Learned a level 3 spell: Stone Arrow
  2468 | D:3      | Noticed Robin
  2654 | D:3      | Killed Robin
  3056 | D:3      | Reached skill level 1 in Conjurations
  3056 | D:3      | Reached skill level 1 in Hexes
  3056 | D:3      | Reached skill level 1 in Summonings
  3056 | D:3      | Reached skill level 1 in Necromancy
  3056 | D:3      | Reached skill level 1 in Translocations
  3056 | D:3      | Reached skill level 1 in Fire Magic
  3056 | D:3      | Reached skill level 1 in Ice Magic
  3056 | D:3      | Reached skill level 1 in Air Magic
  3056 | D:3      | Reached skill level 1 in Poison Magic
  3519 | D:4      | Noticed a wyvern
  3526 | D:4      | Killed a wyvern
  3527 | D:4      | Reached XP level 5. HP: 20/38 MP: 8/12
  3527 | D:4      | Reached XP level 6. HP: 23/44 MP: 8/13
  3951 | D:4      | Found a sand-covered staircase.
  3955 | Ossuary  | Entered an ossuary
  4055 | Ossuary  | Reached skill level 5 in Dodging
  4061 | Ossuary  | Reached skill level 2 in Long Blades
  4336 | Ossuary  | Reached XP level 7. HP: 50/50 MP: 9/15
  4537 | Ossuary  | Reached skill level 5 in Stealth
  5392 | Ossuary  | Reached XP level 8. HP: 57/57 MP: 3/16
  5694 | Ossuary  | Reached skill level 3 in Long Blades
  6351 | D:4      | Noticed Menkaure
  6361 | D:4      | Killed Menkaure
  7063 | D:5      | Entered Level 5 of the Dungeon
  7403 | D:5      | Learned a level 4 spell: Petrify
  7421 | D:5      | Reached XP level 9. HP: 65/65 MP: 11/18
  7754 | D:5      | Reached skill level 4 in Long Blades
 11435 | D:6      | Found an ornate altar of the Wu Jian Council.
 11482 | D:6      | Found a staircase to the Ecumenical Temple.
 11796 | D:6      | Reached skill level 5 in Invocations
 12379 | D:6      | Noticed Sigmund
 12383 | D:6      | Killed Sigmund
 12388 | D:6      | Reached XP level 10. HP: 68/73 MP: 2/20
 12700 | D:6      | Learned a level 2 spell: Sublimation of Blood
 13199 | D:7      | Reached skill level 5 in Fighting
 13199 | D:7      | Reached skill level 5 in Short Blades
 13199 | D:7      | Reached skill level 5 in Long Blades
 13199 | D:7      | Reached skill level 5 in Axes
 13199 | D:7      | Reached skill level 5 in Maces & Flails
 13199 | D:7      | Reached skill level 5 in Polearms
 13199 | D:7      | Reached skill level 5 in Staves
 13199 | D:7      | Reached skill level 5 in Slings
 13199 | D:7      | Reached skill level 5 in Bows
 13199 | D:7      | Reached skill level 5 in Crossbows
 13199 | D:7      | Reached skill level 5 in Throwing
 13199 | D:7      | Reached skill level 5 in Armour
 13199 | D:7      | Reached skill level 5 in Shields
 13199 | D:7      | Reached skill level 5 in Unarmed Combat
 13199 | D:7      | Reached skill level 5 in Evocations
 14802 | D:1      | Bought a potion of heal wounds for 65 gold pieces
 14802 | D:1      | Bought a potion of resistance for 130 gold pieces
 14802 | D:1      | Bought a potion of curing for 39 gold pieces
 14802 | D:1      | Bought a potion of curing for 39 gold pieces
 14802 | D:1      | Bought a potion of might for 52 gold pieces
 15244 | D:8      | Noticed a two-headed ogre
 15283 | D:8      | Reached skill level 5 in Transmutations
 15628 | D:8      | Noticed Joseph
 15643 | D:8      | Killed Joseph
 16230 | D:8      | Found a one-way gate to the infinite horrors of the Abyss.
 16239 | D:8      | Found a transporter.
 16255 | D:8      | Noticed a11behringer's ghost (novice MiFi)
 16256 | D:8      | Found a transporter.
 16288 | D:8      | Killed a two-headed ogre
 17023 | D:9      | Reached XP level 11. HP: 71/81 MP: 6/22
 17369 | D:9      | Noticed a two-headed ogre
 17379 | D:9      | Killed a two-headed ogre
 17380 | D:9      | Reached skill level 6 in Long Blades
 17904 | D:9      | Reached skill level 5 in Conjurations
 17904 | D:9      | Reached skill level 5 in Hexes
 17904 | D:9      | Reached skill level 5 in Summonings
 17904 | D:9      | Reached skill level 5 in Necromancy
 17904 | D:9      | Reached skill level 5 in Translocations
 17904 | D:9      | Reached skill level 5 in Fire Magic
 17904 | D:9      | Reached skill level 5 in Ice Magic
 17904 | D:9      | Reached skill level 5 in Air Magic
 17904 | D:9      | Reached skill level 5 in Poison Magic
 19047 | D:10     | Entered Level 10 of the Dungeon
 19053 | D:10     | Noticed Grum
 19535 | D:10     | Noticed a cyclops
 19536 | D:10     | Noticed a deep elf pyromancer
 21007 | D:10     | Killed a cyclops
 21008 | D:10     | Noticed Gastronok
 21538 | D:10     | Killed Grum
 21746 | D:10     | Killed Gastronok
 22085 | D:10     | Killed a deep elf pyromancer
 22737 | D:10     | Noticed a two-headed ogre
 22738 | D:10     | Noticed a two-headed ogre
 22748 | D:10     | Killed a two-headed ogre
 22789 | D:10     | Killed a two-headed ogre
 23515 | D:10     | Found a staircase to the Orcish Mines.
 23639 | D:10     | Noticed a necromancer
 23648 | D:10     | Killed a necromancer
 23649 | D:10     | Reached XP level 12. HP: 26/89 MP: 11/24
 24338 | D:10     | Learned a level 4 spell: Sticky Flame
 24341 | D:10     | Learned a level 2 spell: Blink
 24347 | D:10     | Learned a level 5 spell: Irradiate
 24839 | D:10     | Reached skill level 7 in Long Blades
 25127 | D:10     | Noticed a two-headed ogre
 25134 | D:10     | Killed a two-headed ogre
 26216 | D:11     | Noticed a death knight
 26223 | D:11     | Killed a death knight
 28417 | D:11     | Found a staircase to the Lair.
 28620 | Lair:1   | Entered Level 1 of the Lair of Beasts
 28970 | Lair:1   | Found a dark tunnel.
 29324 | Lair:1   | Noticed Erica
 29327 | Lair:1   | Killed Erica
 30204 | Lair:2   | Found a staircase to the Shoals.
 30406 | Lair:2   | Reached XP level 13. HP: 98/98 MP: 23/26
 31154 | Lair:2   | Reached skill level 8 in Long Blades
 31331 | Lair:3   | You fall into a shaft and drop 2 floors!
 31337 | Lair:5   | Noticed Sonja
 31342 | Lair:5   | Killed Sonja
 33003 | Lair:3   | Found a staircase to the Snake Pit.
 34018 | Temple   | Entered the Ecumenical Temple
 34266 | Temple   | Fell from the grace of Ignis
 34266 | Temple   | Became a worshipper of Hepliaklqana the Forgotten
 35537 | Lair:3   | Reached skill level 10 in Spellcasting
 35642 | Lair:3   | You fall into a shaft and drop 1 floor!
 36004 | Lair:4   | You fall into a shaft and drop 2 floors!
 36004 | Lair:6   | Entered Level 6 of the Lair of Beasts
 36392 | Lair:6   | Reached skill level 10 in Dodging
 36402 | Lair:6   | Reached XP level 14. HP: 86/106 MP: 19/28
 37253 | Lair:4   | You fall into a shaft and drop 1 floor!
 37372 | Lair:5   | Noticed Josephine
 37383 | Lair:5   | Killed Josephine
 37784 | Lair:4   | Reached skill level 9 in Long Blades
 38517 | Lair:5   | Reached skill level 10 in Stealth
 39111 | Lair:5   | Learned a level 5 spell: Manifold Assault
 39561 | Lair:5   | Noticed Nessos
 39713 | Lair:5   | Killed Nessos
 40150 | Lair:5   | Noticed Snorg
 40165 | Lair:5   | Killed Snorg
 40395 | Lair:5   | Reached skill level 10 in Invocations
 40903 | Lair:5   | Found a staircase to the Slime Pits.
 40903 | Lair:5   | Found a viscous altar of Jiyva.
 41609 | Lair:4   | You fall into a shaft and drop 2 floors!
 41609 | Lair:6   | Was forgiven by Ignis
 44235 | Lair:6   | Reached XP level 15. HP: 115/115 MP: 22/29
 45708 | Lair:6   | Reached skill level 10 in Earth Magic
 46083 | Lair:6   | Found a corrupted altar of Lugonu.
 46195 | Lair:6   | Reached skill level 10 in Fighting
 46195 | Lair:6   | Reached skill level 10 in Short Blades
 46195 | Lair:6   | Reached skill level 10 in Long Blades
 46195 | Lair:6   | Reached skill level 10 in Axes
 46195 | Lair:6   | Reached skill level 10 in Maces & Flails
 46195 | Lair:6   | Reached skill level 10 in Polearms
 46195 | Lair:6   | Reached skill level 10 in Staves
 46195 | Lair:6   | Reached skill level 10 in Slings
 46195 | Lair:6   | Reached skill level 10 in Bows
 46195 | Lair:6   | Reached skill level 10 in Crossbows
 46195 | Lair:6   | Reached skill level 10 in Throwing
 46195 | Lair:6   | Reached skill level 10 in Armour
 46195 | Lair:6   | Reached skill level 10 in Shields
 46195 | Lair:6   | Reached skill level 10 in Unarmed Combat
 46195 | Lair:6   | Reached skill level 10 in Evocations
 46419 | D:12     | Reached * piety under Hepliaklqana
 47227 | D:12     | You fall into a shaft and drop 3 floors!
 47227 | D:15     | Entered Level 15 of the Dungeon
 47410 | D:13     | Found Oplel's Weapon Shoppe.
 47838 | Orc:1    | Entered Level 1 of the Orcish Mines
 47838 | Orc:1    | Reached ** piety under Hepliaklqana
 47841 | D:10     | Remembered your ancestor Artakama as a battlemage
 49155 | Orc:2    | Entered Level 2 of the Orcish Mines
 49173 | Orc:2    | Found a staircase to the Elven Halls.
 50141 | Orc:2    | Found Yngiss's Antique Weapon Boutique.
 50141 | Orc:2    | Found Kakaw's Antique Weapon Emporium.
 50142 | Orc:2    | Found Kiesuh's Weapon Emporium.
 50142 | Orc:2    | Found Mamiedopt's Assorted Antiques.
 50230 | Orc:2    | Bought an encrusted diamond ring for 135 gold pieces
 50259 | Orc:2    | Bought a scroll of blinking for 202 gold pieces
 50259 | Orc:2    | Bought a potion of curing for 81 gold pieces
 50259 | Orc:2    | Bought a potion of curing for 81 gold pieces
 50259 | Orc:2    | Bought a pair of embroidered gloves for 202 gold pieces
 50265 | Orc:2    | Bought a thin smoking staff for 324 gold pieces
 50268 | Orc:2    | Bought a fine hand axe for 224 gold pieces
 50268 | Orc:2    | Identified the +7 hand axe "Pasm" {protect, rF+} (You
                  | bought it in a shop on level 2 of the Orcish Mines)
 50290 | D:10     | Upgraded the game from 0.29-a0-330-g52719c12eb to
                  | 0.29-a0-334-gb41bcbb86e
 50427 | D:13     | Found Juech's Magic Scroll Boutique.
 50430 | D:13     | Bought a scroll of blinking for 112 gold pieces
 50430 | D:13     | Bought a scroll of fog for 30 gold pieces
 50430 | D:13     | Bought a scroll of teleportation for 45 gold pieces
 50430 | D:13     | Bought a scroll of teleportation for 45 gold pieces
 50619 | D:13     | Reached XP level 16. HP: 110/110 MP: 24/31
 50761 | D:13     | Found Nagik's Magic Scroll Emporium.
 50870 | D:13     | Bought a scroll of teleportation for 51 gold pieces
 50870 | D:13     | Bought a scroll of fear for 59 gold pieces
 50895 | D:13     | Found Xiosocer's Book Shoppe.
 53121 | D:14     | Reached *** piety under Hepliaklqana
 53414 | D:14     | Reached skill level 11 in Long Blades
 53519 | D:14     | Found a gate to the Vaults.
 54680 | D:15     | Identified the +1 ring mail "Jaeqon" {rC+++ rN+ Int-4
                  | Slay+2}
 55036 | D:15     | Found a staircase to the Depths.
 55469 | D:15     | Learned a level 3 spell: Tukima's Dance
 55474 | D:15     | Learned a level 4 spell: Cause Fear
 55480 | D:15     | Learned a level 5 spell: Lee's Rapid Deconstruction
 55762 | Snake:1  | Entered Level 1 of the Snake Pit
 56922 | Snake:1  | Reached **** piety under Hepliaklqana
 57965 | Snake:2  | Reached XP level 17. HP: 117/117 MP: 33/33
 59632 | Snake:2  | Found Imozxalle's Weapon Emporium.
 59677 | Snake:2  | Reached skill level 10 in Transmutations
 59958 | Snake:3  | Found a runed translucent gate.
 60093 | Snake:3  | Found a runed translucent gate.
 60093 | Snake:3  | Found a runed translucent gate.
 60094 | Snake:3  | Noticed Ciawup's ghost (adept MiBe)
 61981 | Snake:3  | Found Caerchaid's Antique Weapon Emporium.
 61983 | Snake:3  | Found Kecvut's Magic Scroll Shoppe.
 61983 | Snake:3  | Found Gikunuo's Weapon Emporium.
 61986 | Snake:3  | Found Qudd's Magic Scroll Shoppe.
 61997 | Snake:3  | Bought a scroll of summoning for 171 gold pieces
 61997 | Snake:3  | Bought a scroll of blinking for 135 gold pieces
 61997 | Snake:3  | Bought a scroll of enchant armour for 135 gold pieces
 62003 | Snake:3  | Bought a scroll of teleportation for 60 gold pieces
 62665 | Snake:4  | Entered Level 4 of the Snake Pit
 62670 | Snake:4  | Noticed Kuasaner's ghost (adept GrFi)
 62757 | Snake:4  | Found a runed translucent door.
 63057 | Snake:4  | Reached skill level 10 in Conjurations
 63057 | Snake:4  | Reached skill level 10 in Hexes
 63057 | Snake:4  | Reached skill level 10 in Summonings
 63057 | Snake:4  | Reached skill level 10 in Necromancy
 63057 | Snake:4  | Reached skill level 10 in Translocations
 63057 | Snake:4  | Reached skill level 10 in Fire Magic
 63057 | Snake:4  | Reached skill level 10 in Ice Magic
 63057 | Snake:4  | Reached skill level 10 in Air Magic
 63057 | Snake:4  | Reached skill level 10 in Poison Magic
 64416 | Snake:4  | Reached skill level 12 in Long Blades
 66151 | Snake:4  | Reached XP level 18. HP: 123/126 MP: 35/35
 67513 | Snake:4  | Found Hylauxoq's General Store.
 67603 | Snake:4  | Got a serpentine rune of Zot
 68154 | Snake:4  | Found a shadowy altar of Dithmenos.
 68903 | Snake:4  | Noticed Aizul
 68916 | Snake:4  | Killed Aizul
 69631 | D:13     | Bought a scroll of fog for 34 gold pieces
 69631 | D:13     | Bought a scroll of amnesia for 59 gold pieces
 69631 | D:13     | Bought a scroll of amnesia for 59 gold pieces
 69639 | D:13     | Learned a level 6 spell: Iron Shot
 69806 | Shoals:1 | Entered Level 1 of the Shoals
 69815 | Lair:2   | Learned a level 4 spell: Summon Lightning Spire
 70373 | Shoals:1 | Found Kadeu's Assorted Antiques.
 70754 | Shoals:1 | Found Xowom's Jewellery Shoppe.
 70757 | Shoals:1 | Found Beneesykhucw's Jewellery Boutique.
 72470 | Shoals:3 | Reached ***** piety under Hepliaklqana
 72473 | Shoals:3 | Noticed Polyphemus
 72479 | Shoals:3 | Killed Polyphemus
 72792 | Shoals:3 | Noticed Mara
 73430 | Shoals:3 | Found Bouniar's Self-Improvement Boutique.
 73558 | Shoals:3 | Noticed dolemite99's illusion
 73867 | Vaults:1 | Entered Level 1 of the Vaults
 74106 | Vaults:1 | Reached XP level 19. HP: 133/133 MP: 36/36
 74512 | Vaults:1 | Learned a level 3 spell: Vampiric Draining
 76058 | Vaults:1 | Reached skill level 13 in Long Blades
 83785 | Vaults:3 | Reached XP level 20. HP: 124/141 MP: 10/38
 84356 | Vaults:3 | Found a staircase to the Crypt.
 86689 | Vaults:3 | Reached skill level 15 in Invocations
 87301 | Vaults:3 | Paralysed by a floating eye for 2 turns
 87398 | Vaults:3 | Identified the ring "Nocikyes" {Str+4 Int+2 Slay+4}
 87732 | Vaults:3 | Noticed a golden dragon
 87738 | Vaults:3 | Killed a golden dragon
 87901 | Vaults:3 | Reached skill level 14 in Long Blades
 88369 | Vaults:3 | Got the Incunabulum of Stones
 88432 | Vaults:3 | Got the Papyrus of Beguiling and Summoning
 88744 | Vaults:4 | Noticed a golden dragon
 88755 | Vaults:4 | Killed a golden dragon
 89036 | Vaults:4 | Reached XP level 21. HP: 146/146 MP: 39/39
 89329 | Vaults:4 | Found Modghyg's Distillery.
 89515 | D:13     | Bought a book of Unlife for 540 gold pieces
 89522 | D:13     | Learned a level 6 spell: Death Channel
 89738 | Vaults:4 | HP: 2/148 [ironbound frostheart/creeping frost (29)]
 89745 | Vaults:4 | HP: 7/148 [ironbound frostheart/creeping frost (26)]
 91565 | Vaults:4 | Reached skill level 15 in Spellcasting
 91647 | Vaults:4 | Found a runed translucent gate.
 91648 | Vaults:4 | Found a runed translucent gate.
 91648 | Vaults:4 | Found an opulent altar of Gozag.
 91648 | Vaults:4 | Found a runed translucent gate.
 91648 | Vaults:4 | Found Utalel's Assorted Antiques.
 91648 | Vaults:4 | Noticed garrulousMonolith's ghost (veteran GnFi)
 91759 | Vaults:4 | Reached XP level 22. HP: 98/154 MP: 16/41
 92601 | Vaults:4 | Reached skill level 15 in Dodging
 93105 | Vaults:4 | Reached skill level 15 in Stealth
 93588 | Vaults:5 | Entered Level 5 of the Vaults
 93826 | Elf:1    | Entered Level 1 of the Elven Halls
 94208 | Elf:1    | Found a portal to a secret trove of treasure.
 94636 | Elf:1    | Paralysed by an air elemental for 1 turns
 95654 | Elf:2    | Found a crumbling gateway.
 95676 | Elf:2    | Found an ancient bone altar of Kikubaaqudgha.
 96055 | Elf:2    | Found a runed translucent gate.
 96055 | Elf:2    | Found a runed translucent gate.
 96129 | Elf:2    | Found a runed translucent door.
 96416 | Elf:2    | Found a runed translucent gate.
 97820 | Elf:2    | Learned a level 7 spell: Malign Gateway
 98325 | D:2      | Killed Terence
 98395 | D:2      | Killed Crazy Yiuf
 98606 | D:8      | Killed a11behringer's ghost
 98993 | Snake:3  | Killed Ciawup's ghost
 99008 | Snake:3  | Identified the ring of Ysophic {+Blink rPois Dex+6}
 99068 | Snake:4  | Killed Kuasaner's ghost
 99790 | Shoals:4 | Entered Level 4 of the Shoals
100034 | Shoals:4 | Reached skill level 15 in Long Blades
100381 | Shoals:4 | Found a hide-covered altar of Uskayaw.
100706 | Shoals:4 | Identified Roxanne's Grimoire of Clay
100706 | Shoals:4 | Noticed Roxanne
100715 | Shoals:4 | Killed Roxanne
101077 | Shoals:4 | Identified the +0 pair of gloves of the Volcano {Dex+2}
101077 | Shoals:4 | Noticed Nikola
101085 | Shoals:4 | Killed Nikola
101109 | Shoals:4 | Learned a level 5 spell: Borgnjor's Vile Clutch
101231 | Shoals:4 | Reached XP level 23. HP: 162/162 MP: 39/42
101853 | Shoals:4 | Got a barnacled rune of Zot
101991 | Shoals:4 | Identified the amulet of Mybba {RegenMP rCorr Str+6 SInv}
102001 | Shoals:4 | Reached skill level 15 in Fighting
102001 | Shoals:4 | Reached skill level 15 in Short Blades
102001 | Shoals:4 | Reached skill level 15 in Axes
102001 | Shoals:4 | Reached skill level 15 in Maces & Flails
102001 | Shoals:4 | Reached skill level 15 in Polearms
102001 | Shoals:4 | Reached skill level 15 in Staves
102001 | Shoals:4 | Reached skill level 15 in Slings
102001 | Shoals:4 | Reached skill level 15 in Bows
102001 | Shoals:4 | Reached skill level 15 in Crossbows
102001 | Shoals:4 | Reached skill level 15 in Throwing
102001 | Shoals:4 | Reached skill level 15 in Armour
102001 | Shoals:4 | Reached skill level 15 in Shields
102001 | Shoals:4 | Reached skill level 15 in Unarmed Combat
102001 | Shoals:4 | Reached skill level 15 in Evocations
102806 | Snake:3  | Bought a scroll of magic mapping for 70 gold pieces
102806 | Snake:3  | Bought a scroll of silence for 150 gold pieces
103613 | Depths:1 | Entered Level 1 of the Depths
103653 | Depths:1 | Found a huge runed gate.
103653 | Depths:1 | Found a huge runed gate.
103653 | Depths:1 | Found a huge runed gate.
103653 | Depths:1 | Found a huge runed gate.
103653 | Depths:1 | Found a huge runed gate.
103653 | Depths:1 | Found a huge runed gate.
103655 | Depths:1 | Found a huge runed gate.
103656 | Depths:1 | Found a huge runed gate.
103657 | Depths:1 | Found a huge runed gate.
103657 | Depths:1 | Found a huge runed gate.
103665 | Depths:1 | Found a huge runed gate.
103665 | Depths:1 | Found a huge runed gate.
103665 | Depths:1 | Found a huge runed gate.
103665 | Depths:1 | Found a huge runed gate.
103665 | Depths:1 | Found a huge runed gate.
103665 | Depths:1 | Found a huge runed gate.
103666 | Depths:1 | Found a huge runed gate.
103679 | Depths:1 | Found a huge runed gate.
103680 | Depths:1 | Found a huge runed gate.
103837 | Depths:1 | Found a huge runed gate.
103837 | Depths:1 | Found a huge runed gate.
103837 | Depths:1 | Found a huge runed gate.
103837 | Depths:1 | Found a huge runed gate.
103837 | Depths:1 | Found a huge runed gate.
103837 | Depths:1 | Found a huge runed gate.
103838 | Depths:1 | Found a huge runed gate.
104092 | Depths:1 | Found a huge runed gate.
104092 | Depths:1 | Found a huge runed gate.
104102 | Depths:1 | Found a huge runed gate.
104103 | Depths:1 | Found a huge runed gate.
104104 | Depths:1 | Found a huge runed gate.
104154 | Depths:1 | Found a huge runed gate.
104154 | Depths:1 | Found a huge runed gate.
104154 | Depths:1 | Found a huge runed gate.
104154 | Depths:1 | Found a huge runed gate.
104155 | Depths:1 | Found a huge runed gate.
105081 | Depths:1 | Noticed a caustic shrike
105082 | Depths:1 | Noticed a caustic shrike
105098 | Depths:1 | Noticed a golden dragon
105546 | Depths:1 | Killed a caustic shrike
105718 | Depths:1 | Noticed a juggernaut
105817 | Depths:1 | Killed a golden dragon
106048 | Depths:1 | Killed a caustic shrike
106049 | Depths:1 | Reached skill level 16 in Long Blades
106213 | Depths:1 | Noticed a juggernaut
106386 | Depths:1 | Identified the +5 spear "Daha Sah" {protect, Str+4}
106427 | Depths:1 | Killed a juggernaut
106648 | Depths:1 | Killed a juggernaut
106773 | Depths:1 | Learned a level 4 spell: Passage of Golubria
106857 | Depths:1 | Noticed Sojobo
106865 | Depths:1 | Killed Sojobo
107124 | Depths:1 | Found a gateway to Hell.
107549 | Depths:2 | Paralysed by an air elemental for 1 turns
107554 | Depths:2 | Paralysed by an air elemental for 1 turns
107558 | Depths:2 | Paralysed by an air elemental for 1 turns
107841 | Depths:2 | Paralysed by an air elemental for 1 turns
107872 | Depths:2 | Paralysed by an air elemental for 1 turns
107875 | Depths:2 | Paralysed by an air elemental for 1 turns
107883 | Depths:2 | Paralysed by an air elemental for 1 turns
107886 | Depths:2 | Reached XP level 24. HP: 138/170 MP: 43/43
109290 | Depths:2 | Identified the +6 flail of Calamity {spect, *Slow rElec
                  | Int+8 Stlth+}
110042 | Depths:2 | Got Vehumet's Tome of Attacks
110047 | Depths:2 | Identified the amulet "Inujyi" {Faith rElec Stlth+}
110864 | Depths:2 | Found a one-way gate leading to the halls of Pandemonium.
110871 | Depths:2 | You fall into a shaft and drop 1 floor!
110871 | Depths:3 | Found Zin's Purification Station.
110875 | Depths:3 | Reached skill level 17 in Long Blades
111263 | Depths:3 | Found a sparkling altar of Nemelex Xobeh.
111513 | Depths:3 | Found a glowing silver altar of Zin.
111516 | Depths:3 | Bought a potion of curing for 90 gold pieces
111530 | Depths:3 | Noticed a caustic shrike
111654 | Depths:3 | Got Ereshkigal's Disquisition on Stolen Souls
111864 | Depths:3 | Killed a caustic shrike
112259 | Depths:3 | Found a one-way gateway to a ziggurat.
112402 | Depths:3 | Found Annuperph's Book Shoppe.
112403 | Depths:3 | Found Agunlyin's Jewellery Shop.
112404 | Depths:3 | Found Orine's Book Shoppe.
112694 | Depths:3 | Got the Papyrus of Stones
112937 | Depths:3 | Got Fososy Gesa's Incunabulum of Transmutation
113051 | Depths:3 | Got the Volume of Heresy
115048 | Depths:3 | Noticed a caustic shrike
115061 | Depths:3 | Killed a caustic shrike
115407 | Depths:3 | Identified the -1 pair of boots of the Shore {Int+8}
115583 | Depths:4 | Entered Level 4 of the Depths
115665 | Depths:4 | Noticed a juggernaut
115672 | Depths:4 | Killed a juggernaut
115856 | Depths:4 | Reached XP level 25. HP: 168/177 MP: 37/43
116780 | Depths:4 | Reached skill level 18 in Long Blades
116984 | Depths:4 | Reached skill level 15 in Earth Magic
117257 | Depths:4 | Found a gate to the Realm of Zot.
118445 | D:13     | Bought a scroll of enchant weapon for 127 gold pieces
118445 | D:13     | Bought a scroll of enchant armour for 127 gold pieces
118750 | Snake:4  | Bought a potion of curing for 54 gold pieces
118750 | Snake:4  | Bought a wand of acid (2) for 216 gold pieces
118913 | Shoals:1 | Bought a potion of curing for 90 gold pieces
119219 | Vaults:4 | Learned a level 4 spell: Dispel Undead
119258 | Crypt:1  | Entered Level 1 of the Crypt
120247 | Crypt:1  | Identified the +3 scale mail of Vexation {*Corrode rN+++
                  | Str+4}
121613 | Crypt:2  | Noticed Jory
121625 | Crypt:2  | Killed Jory
122553 | Crypt:3  | Entered Level 3 of the Crypt
122914 | Crypt:3  | Reached XP level 26. HP: 187/187 MP: 44/44
123027 | Crypt:3  | Reached skill level 19 in Long Blades
123517 | Crypt:3  | Found an ancient bone altar of Kikubaaqudgha.
123518 | Crypt:3  | Noticed an ancient lich
123524 | Crypt:3  | Killed an ancient lich
124701 | Crypt:3  | Found a staircase to the Tomb.
125142 | Elf:3    | Entered Level 3 of the Elven Halls
125344 | Elf:3    | Found a shimmering blue altar of Sif Muna.
126619 | Elf:3    | Paralysed by an air elemental for 1 turns
126697 | Elf:3    | Identified the +3 leather armour of Lust {Regen+}
126701 | Elf:3    | Identified the ring of Bodily Harmony {rPois Will+ Stlth+}
126843 | Elf:3    | Identified the +0 scale mail "Otzaempu" {Dex+6}
126893 | Elf:3    | Found Xyucol's Assorted Antiques.
126905 | Elf:3    | Bought a scroll of teleportation for 63 gold pieces
126905 | Elf:3    | Bought a potion of curing for 63 gold pieces
126905 | Elf:3    | Bought a slimy hand crossbow for 178 gold pieces
126905 | Elf:3    | Identified the +8 hand crossbow of Prescription {venom, Fly
                  | rCorr Stlth+} (You bought it in a shop on level 3 of the
                  | Elven Halls)
127003 | Elf:3    | Got Zaelaef's Second Course in Thaumaturgy
127012 | Elf:3    | Got Sif Muna's Handbook of the Destructive Arsonist
127013 | Elf:3    | Identified the ring "Nynoesao" {rElec Will- Str+6 Int+4
                  | SInv}
127043 | Elf:3    | Identified the ring of Ascent {rF+ rC+ Slay+4}
128601 | Vaults:5 | Reached skill level 15 in Transmutations
128784 | Vaults:5 | Reached skill level 15 in Air Magic
128914 | Vaults:5 | Identified the ring "Fionytso" {rF+++ MP+9 Int-3 Dex+3
                  | SInv}
129150 | Vaults:5 | Reached skill level 15 in Conjurations
129150 | Vaults:5 | Reached skill level 15 in Hexes
129150 | Vaults:5 | Reached skill level 15 in Summonings
129150 | Vaults:5 | Reached skill level 15 in Necromancy
129150 | Vaults:5 | Reached skill level 15 in Translocations
129150 | Vaults:5 | Reached skill level 15 in Fire Magic
129150 | Vaults:5 | Reached skill level 15 in Ice Magic
129150 | Vaults:5 | Reached skill level 15 in Poison Magic
129688 | Vaults:5 | Reached skill level 20 in Long Blades
130289 | Vaults:5 | Noticed a dread lich
130294 | Vaults:5 | Killed a dread lich
130295 | Vaults:5 | Reached XP level 27. HP: 107/194 MP: 38/45
130525 | Vaults:5 | Noticed Bai Suzhen
130533 | Vaults:5 | Killed Bai Suzhen
130781 | Vaults:5 | Identified the +5 shortbow "Irridyrch" {freeze, rC+ Dex+3
                  | Stlth-}
130849 | Vaults:5 | Learned a level 6 spell: Statue Form
130857 | Vaults:5 | Learned a level 7 spell: Spellforged Servitor
131283 | Vaults:5 | Identified the +6 whip "Zitho" {vamp, MP-9 Str+4 Int+3}
131502 | Vaults:5 | Noticed an ancient lich
131518 | Vaults:5 | Killed an ancient lich
131902 | Vaults:5 | Got the Almanac of the Voyage
131911 | Vaults:5 | Got Mece's Disquisition on the Volcanoes
131921 | Vaults:5 | Identified the +0 leather armour "Bostragil" {Drain rPois
                  | rF+ rCorr}
132079 | Vaults:5 | Got Jein's Collected Works on Floating Bewitchment
132146 | Vaults:5 | Got a silver rune of Zot
132704 | Vaults:5 | Noticed Boris
132737 | Vaults:5 | Killed Boris
133754 | Zot:1    | Entered Level 1 of the Realm of Zot
133765 | Zot:1    | Noticed Vv
133776 | Zot:1    | Killed Vv
135532 | Zot:1    | Reached skill level 21 in Long Blades
139861 | Zot:3    | Identified the +4 scale mail "Boantuah" {Str+3}
142002 | Zot:4    | Noticed a juggernaut
142016 | Zot:4    | Killed a juggernaut
143511 | Depths:2 | Identified the +5 halberd of the World {pain, rN+ Dex+4}
143905 | Zot:5    | Entered Level 5 of the Realm of Zot
143908 | Zot:5    | Found a transporter.
143911 | Zot:5    | Noticed an ancient lich
143967 | Zot:5    | Found a transporter.
143969 | Zot:5    | Noticed Cayster's ghost (legendary VSBe)
144584 | Zot:5    | Reached skill level 22 in Long Blades
144828 | Zot:5    | Noticed an orb of fire
144829 | Zot:5    | Noticed an orb of fire
144829 | Zot:5    | Noticed an orb of fire
146234 | Zot:5    | Noticed an ancient lich
146241 | Zot:5    | Noticed an orb of fire
146242 | Zot:5    | Killed an ancient lich
146244 | Zot:5    | Gained mutation: You tend to lose your temper in combat.
                  | [an orb of fire]
146248 | Zot:5    | Killed an orb of fire
146294 | Zot:5    | Noticed an ancient lich
146303 | Zot:5    | Killed an ancient lich
146876 | Zot:5    | Gained mutation: You are dopey. (Int -2) [an orb of fire]
146882 | Zot:5    | Killed an orb of fire
148073 | Zot:5    | Killed an orb of fire
148274 | Zot:5    | Lost mutation: You are dopey. (Int -2) [potion of mutation]
148274 | Zot:5    | Lost mutation: You tend to lose your temper in combat.
                  | [potion of mutation]
148274 | Zot:5    | Gained mutation: You passively dampen the noise of your
                  | surroundings. [potion of mutation]
148274 | Zot:5    | Gained mutation: You have large cloven feet. [potion of
                  | mutation]
148579 | Zot:5    | Killed an orb of fire
148722 | Zot:5    | Learned a level 2 spell: Passwall
148791 | Zot:5    | Noticed an ancient lich
148791 | Zot:5    | Noticed an ancient lich
148812 | Zot:5    | Killed an ancient lich
148970 | Zot:5    | Killed from afar by an ancient lich

Illustrated notes

Levels and vault maps discovered:
D:1:      psy_arrival_dodecagon, layout_basic, serial_shops, shop,
          ebering_ecumenical_altar_sacrificial
D:2:      layout_rooms, uniq_terence, uniq_crazy_yiuf_cottage
D:3:      layout_basic, uniq_robin
D:4:      layout_basic, enter_ossuary_5, hangedman_decor_points, uniq_menkaure
D:5:      minmay_diamond_boxcup, layout_basic, gup_sewer_entry_glass,
          kennysheep_generic_room_14
D:6:      layout_loops_corners, nicolae_wu_jian_immortal_techniques,
          minmay_temple_entry_arrows, hangedman_glass_teeth, uniq_sigmund
D:7:      layout_basic
D:8:      layout_basic, gammafunk_ghost_abyssal_escape, uniq_joseph
D:9:      layout_cave_pods
D:10:     minmay_evil_eye, layout_irregular_city, erik_orc_4, minmay_librarian,
          uniq_grum, uniq_gastronok
D:11:     layout_basic, minmay_lair_entry_grove
D:12:     layout_stronghold
D:13:     minmay_thinvault, layout_rooms, serial_shops, nicolae_square_shop,
          nicolae_shop_trees, nicolae_shop_behind_doors,
          nicolae_shop_window_shopping
D:14:     layout_basic, david_vaults_5, portal_ice_cave_entry_ugly_swarm,
          hangedman_decor_riveting, minmay_three_doors
D:15:     grunt_enter_depths_magical_seal, layout_loops_ring, serial_glass,
          glass_columns_b, glass_columns_a
Temple:   nicolae_temple_the_god_donut
Lair:1:   layout_roguey, nicolae_volcano_entry_lava_flow, serial_bayou_shore_a,
          uniq_erica
Lair:2:   layout_roguey, minmay_shoals_entry_centaurs,
          hangedman_lair_unloving_vines
Lair:3:   layout_small_grid, minmay_snake_entry_guardpost_small
Lair:4:   layout_misc_corridors, beast_lair_carwin_3
Lair:5:   minmay_lair_oklob_chamber, layout_regular_city, slime_altar_1,
          uniq_josephine, uniq_sonja, uniq_nessos, uniq_snorg
Lair:6:   hellmonk_lair_end_abyssal_woods, layout_cave_pods,
          serial_bayou_pond_e, infiniplex_staircase_pool
Shoals:1: layout_shoals, serial_shops, nicolae_shop_stone,
          nicolae_shop_hallway_plus, minmay_shop_enchanted_jewellery
Shoals:2: layout_shoals, nicolae_shoals_dead_sea_scrolls
Shoals:3: layout_shoals, nicolae_shop_self_help, uniq_polyphemus, uniq_mara
Shoals:4: shoals_end_simple, layout_shoals, regret_index_shoals_crete,
          uniq_roxanne, uniq_nikola
Snake:1:  layout_cave_shapes
Snake:2:  layout_onion_interference, serial_shops, nicolae_shop_hallway_plus
Snake:3:  layout_layer_cave, ebering_ghost_rock_garden,
          nicolae_coiled_stairwell_down, minmay_shoptagon
Snake:4:  snake_pit, layout_cave_town, basic_altar, serial_shops,
          nicolae_lakefront_shop, hellmonk_ghost_happy_afterlife,
          serial_bayou_shore_b, uniq_aizul
Orc:1:    layout_caves
Orc:2:    st_orc_ogre_mass, layout_caves
Elf:1:    eino_elf_arrival_sip, layout_onion_city, nicolae_trove_entry_isolated,
          minivault_28, st_stairs_4, nicolae_concentric_dashed_squares_mild,
          kilobyte_mutagenic_chamber
Elf:2:    elven_hall_of_blades_hangedman_original [grunt_blade_entry_basic],
          layout_geoelf_octagon, basic_altar, portal_desolation_entry_garden,
          minivault_26, nicolae_elf_glass_and_crystal_pillar_2, drop_trap,
          minivault_13
Elf:3:    grunt_elf_hall_branching, layout_geoelf_octagon, serial_shops,
          nicolae_shop_temple_entry_statues_fountains, basic_altar
Vaults:1: nicolae_vaults_little_ls, nicolae_vaults_halls_meeting, v_rooms_1,
          v_misc_3, ontoclasm_vaults_ligature, vaults_room_pool,
          ontoclasm_vaults_loading_screen, hangedman_vaults_stretched_pinwheel,
          ontoclasm_vaults_eye, dpeg_vaults_monster_row, layout_vaults_ring
Vaults:2: nicolae_vaults_big_ls, nicolae_vaults_yaktaur_gun_rack, v_misc_1,
          vaults_room_door_ring, grunt_vaults_funnel, v_misc_10,
          nicolae_vaults_ring_of_whatevers, v_misc_31,
          nicolae_vaults_little_squares_6, vaults_dpeg_encased_lava,
          layout_vaults_quadrants
Vaults:3: nicolae_vaults_network_quincunx
          [nicolae_vaults_network_quincunx_subvault,
          nicolae_vaults_network_quincunx_subvault,
          nicolae_vaults_network_quincunx_subvault,
          nicolae_vaults_network_quincunx_subvault,
          nicolae_vaults_network_quincunx_subvault], st_greater_box_2,
          grunt_vaults_twisty, minmay_crypt_entry_simple_statues, v_misc_8,
          v_misc_13, vaults_standard_mumra_lines, ontoclasm_vaults_idyll,
          v_misc_24, ontoclasm_vaults_pinch, serial_ice_g, v_misc_23,
          nicolae_vaults_little_squares_2, hangedman_vaults_cutoff,
          nicolae_vaults_rhombus_5, nicolae_vaults_alarming,
          layout_vaults_omnibox
Vaults:4: ebering_ghost_gozag, v_misc_27, vaults_room_pool,
          nicolae_vaults_border_crossing, vaults_room_fours,
          vaults_mumra_minichess, ontoclasm_vaults_shuriken,
          ontoclasm_vaults_loading_screen, hangedman_vaults_pinch, v_misc_3,
          nicolae_vaults_angled_halls, nicolae_vaults_branching_niches,
          grunt_vaults_hallway_short, hangedman_vaults_stretched_pinwheel,
          layout_vaults_big_room, serial_shops, nicolae_shop_behind_doors
Vaults:5: uniq_boris, uniq_bai_suzhen
Crypt:1:  layout_misc_corridors
Crypt:2:  layout_regular_city, roderic_lattice_octagonal_star, uniq_jory
Crypt:3:  cryptofortress_bobbens
Depths:1: lemuel_castle_with_subvaults [lemuel_castle_interior_original],
          layout_gridlike, serial_corexii_hall, corexii_hall_statues_i,
          chequers_hall_statues_y, corexii_hall_statues_l,
          corexii_hall_statues_deadend, abyss_entry_crystal, hell_entry,
          grunt_decor_mini_mirrors, door_vault, uniq_sojobo
Depths:2: radiant_caverns_b_rkd, pan_entry, serial_shops, hell_entry
Depths:3: minmay_tile_spiral, layout_cave_shapes, enter_ziggurat_f,
          serial_hangedman_research, hangedman_research_thanatology,
          hangedman_research_geology, hangedman_research_metamorphosis,
          hangedman_research_quantum, hangedman_research_thermodynamics,
          abyss_entry, hell_entry, nemelex_diamond_rough_becter, zin_purify,
          infiniplex_staircase_pool_2, minmay_shop_grove
Depths:4: grunt_x_marks_the_spot, layout_gridlike, minmay_room_of_horrors,
          serial_sigils_hangedman_leer, hell_entry
Zot:1:    layout_onion_interference, uniq_josephina, uniq_vv
Zot:2:    layout_gridlike
Zot:3:    layout_misc_corridors, grunt_megastairs_3, lemuel_elevator
Zot:4:    ebering_greatest_show_in_zot, layout_misc_corridors,
          grunt_megastairs_2
Zot:5:    layout_misc_corridors, gammafunk_ghost_mausoleum, grunt_ministairs_10

Skill      XL: |  1  2  3  4  5  6  7  8  9 10 11 12 13 14 15 16 17 18 19 20 21 22 23 24 25 26 27 |
---------------+----------------------------------------------------------------------------------+-----
Transmutations | 2 3 4 5 6 7 8 9 10 11 12 13 14 15 16 | 16.5
Spellcasting   | 5 6 7 8 9 10 11 12 13 14 15 16 17 18 19 | 19.7
Invocations    | 1 2 3 4 5 6 7 8 9 10 11 12 13 14 15 16 17 18 19 20 | 20.7
Fighting       | 1 2 3 4 5 6 7 8 9 10 11 12 13 14 15 16 17 19 | 19.2
Short Blades   | 1 2 3 4 5 6 7 8 9 10 11 12 13 14 15 16 17 19 | 19.2
Long Blades    | 1 2 3 4 5 6 7 8 9 10 11 12 13 14 15 16 17 18 20 22 | 22.6
Axes           | 1 2 3 4 5 6 7 8 9 10 11 12 13 14 15 16 17 19 | 19.2
Maces & Flails | 1 2 3 4 5 6 7 8 9 10 11 12 13 14 15 16 17 19 | 19.2
Polearms       | 1 2 3 4 5 6 7 8 9 10 11 12 13 14 15 16 17 19 | 19.2
Staves         | 1 2 3 4 5 6 7 8 9 10 11 12 13 14 15 16 17 19 | 19.2
Slings         | 1 2 3 4 5 6 7 8 9 10 11 12 13 14 15 16 17 19 | 19.2
Bows           | 1 2 3 4 5 6 7 8 9 10 11 12 13 14 15 16 17 18 20 | 20.8
Crossbows      | 1 2 3 4 5 6 7 8 9 10 11 12 13 14 15 16 17 19 | 19.2
Throwing       | 1 2 3 4 5 6 7 8 9 10 11 12 13 14 15 16 17 19 | 19.2
Armour         | 1 2 3 4 5 6 7 8 9 10 11 12 13 14 15 16 17 19 | 19.2
Shields        | 1 2 3 4 5 6 7 8 9 10 11 12 13 14 15 16 17 19 | 19.2
Unarmed Combat | 1 2 3 4 5 6 7 8 9 10 11 12 13 14 15 16 17 19 | 19.2
Evocations     | 1 2 3 4 5 6 7 8 9 10 11 12 13 14 15 16 17 19 | 19.2
Conjurations   | 1 2 3 4 5 6 7 8 9 10 11 12 13 14 15 16 | 16.4
Hexes          | 1 2 3 4 5 6 7 8 9 10 11 12 13 14 15 16 | 16.4
Summonings     | 1 2 3 4 5 6 7 8 9 10 11 12 13 14 15 16 | 16.4
Necromancy     | 1 2 3 4 5 6 7 8 9 10 11 12 13 14 15 16 | 16.4
Translocations | 1 2 3 4 5 6 7 8 9 10 11 12 13 14 15 16 | 16.4
Fire Magic     | 1 2 3 4 5 6 7 8 9 10 11 12 13 14 15 16 | 16.4
Ice Magic      | 1 2 3 4 5 6 7 8 9 10 11 12 13 14 15 16 | 16.4
Air Magic      | 1 2 3 4 5 6 7 8 9 10 11 12 13 14 15 17 | 17.8
Poison Magic   | 1 2 3 4 5 6 7 8 9 10 11 12 13 14 15 16 | 16.4
Dodging        | 5 6 7 8 9 10 11 12 13 14 15 16 17 18 19 | 19.6
Stealth        | 5 6 7 8 9 10 11 12 13 14 15 16 17 18 19 | 19.6
Earth Magic    | 6 7 8 9 10 11 12 13 14 15 17 | 17.2

Action                   |  1- 3 |  4- 6 |  7- 9 | 10-12 | 13-15 | 16-18 | 19-21 | 22-24 | 25-27 || total
-------------------------+-------+-------+-------+-------+-------+-------+-------+-------+-------++-------
Melee: Short sword       |     1 |       |       |       |       |       |       |       |       ||     1
       Dagger            |       |     1 |       |       |       |       |       |       |       ||     1
       Hunting sling     |       |       |       |     5 |       |       |       |       |       ||     5
       Hand crossbow     |       |       |       |     1 |     2 |     1 |       |     5 |       ||     9
       Demon whip        |       |       |       |       |   145 |     7 |     2 |       |       ||   154
       Bite              |       |       |       |       |    12 |       |       |     2 |    13 ||    27
       Staff             |       |       |       |       |       |       |     1 |     4 |    38 ||    43
       Demon trident     |       |       |       |       |       |       |       |    22 |    26 ||    48
 Fire: Hunting sling     |       |    15 |   139 |   183 |       |       |       |       |       ||   337
       Hand crossbow     |       |       |       |   143 |   787 |   927 |   358 |   264 |   283 ||  2762
Throw: Dart              |       |       |       |       |       |       |     5 |       |       ||     5
       Throwing net      |       |       |       |       |       |       |     1 |     1 |       ||     2
 Cast: Sandblast         |    53 |    69 |    48 |   111 |    67 |       |       |       |       ||   348
       Stone Arrow       |       |       |   109 |   200 |   257 |   190 |       |       |       ||   756
       Petrify           |       |       |       |     2 |       |       |       |       |       ||     2
       Sublimation of Bl |       |       |       |     1 |     2 |       |     3 |    18 |    12 ||    36
       Sticky Flame      |       |       |       |    32 |   128 |    57 |       |       |       ||   217
       Manifold Assault  |       |       |       |       |    36 |     1 |       |       |       ||    37
       Irradiate         |       |       |       |       |     2 |     1 |     1 |     2 |     2 ||     8
       Blink             |       |       |       |       |       |     1 |     1 |     7 |    23 ||    32
       Summon Lightning  |       |       |       |       |       |    49 |    68 |    90 |    57 ||   264
       Iron Shot         |       |       |       |       |       |     3 |   119 |   259 |   138 ||   519
       Lee's Rapid Decon |       |       |       |       |       |     2 |     3 |    17 |     2 ||    24
       Cause Fear        |       |       |       |       |       |       |     3 |       |       ||     3
       Vampiric Draining |       |       |       |       |       |       |     1 |    49 |     2 ||    52
       Death Channel     |       |       |       |       |       |       |     3 |    46 |    36 ||    85
       Malign Gateway    |       |       |       |       |       |       |       |    40 |    94 ||   134
       Borgnjor's Vile C |       |       |       |       |       |       |       |    11 |    94 ||   105
       Passage of Golubr |       |       |       |       |       |       |       |     1 |     1 ||     2
       Dispel Undead     |       |       |       |       |       |       |       |       |   109 ||   109
       Spellforged Servi |       |       |       |       |       |       |       |       |    67 ||    67
       Statue Form       |       |       |       |       |       |       |       |       |     1 ||     1
Invok: Foxfire Swarm     |       |     2 |     6 |       |       |       |       |       |       ||     8
       Rising Flame      |       |       |     1 |       |       |       |       |       |       ||     1
       Fiery Armour      |       |       |     1 |       |       |       |       |       |       ||     1
       Recall Ancestor   |       |       |       |       |     2 |    12 |     3 |    24 |    17 ||    58
       Ancestor Life: Ba |       |       |       |       |     1 |       |       |       |       ||     1
       Idealise          |       |       |       |       |       |     6 |     8 |     8 |     9 ||    31
       Transference      |       |       |       |       |       |       |       |     1 |       ||     1
Evoke: Wand              |       |       |       |     6 |    27 |    16 |     7 |       |     9 ||    65
       Lightning rod     |       |       |       |     4 |    16 |    10 |     8 |       |     4 ||    42
       Condenser vane    |       |       |       |     1 |     3 |    11 |     3 |     9 |    15 ||    42
       Box of beasts     |       |       |       |       |     1 |     7 |     5 |     5 |     8 ||    26
       Phantom mirror    |       |       |       |       |       |       |     2 |     7 |    10 ||    19
       Phial of floods   |       |       |       |       |       |       |       |     4 |     6 ||    10
       Tin of tremorston |       |       |       |       |       |       |       |     2 |     5 ||     7
  Use: Potion            |       |     1 |       |     7 |    11 |     5 |    13 |     9 |    27 ||    73
       Scroll            |       |       |    20 |    19 |    22 |    14 |     8 |    18 |    28 ||   129
 Stab: Sleeping          |       |       |       |       |       |       |       |     1 |     1 ||     2
       Distracted        |       |       |       |       |       |       |       |       |     5 ||     5
Armor: Robe              |     5 |    24 |    29 |       |       |       |       |       |       ||    58
       Leather armour    |       |       |    33 |   209 |   221 |       |       |       |       ||   463
       Troll leather arm |       |       |       |       |   171 |    42 |       |       |       ||   213
       Ring mail         |       |       |       |       |       |   150 |    51 |   162 |   132 ||   495
Dodge: Dodged            |    29 |    79 |   135 |   262 |   612 |   308 |    74 |   175 |   371 ||  2045
Block: Buckler           |       |       |       |   123 |   267 |    98 |       |       |       ||   488
       Kite shield       |       |       |       |       |       |   196 |   203 |   306 |   497 ||  1202
       Reflection        |       |       |       |       |       |    30 |    80 |    44 |       ||   154

Table legend: (Time is in decaauts)
 A = Elapsed time spent in this place.
 B = Non-inter-level travel time spent in this place.
 C = Inter-level travel time spent in this place.
 D = Time resting spent in this place.
 E = Time spent auto-exploring this place.
 F = Levels seen in this place.
 G = Mean time per level.
                   A        B        C        D        E       F      G
               +--------+--------+--------+--------+--------+-----+--------+
         Total | 150030 | 141067 |   8963 |  78623 |  39497 |  53 | 2830.8 |
       Dungeon |  37283 |  33250 |   4033 |  17934 |  10770 |  15 | 2485.5 |
        Temple |    260 |    241 |     19 |      0 |    221 |   1 |  260.0 |
          Lair |  18244 |  16878 |   1366 |  10147 |   3821 |   6 | 3040.7 |
        Shoals |   8131 |   7474 |    657 |   3113 |   2448 |   4 | 2032.8 |
     Snake Pit |  14334 |  13703 |    631 |   9061 |   3011 |   4 | 3583.5 |
  Orcish Mines |   1734 |   1620 |    114 |    431 |    692 |   2 |  867.0 |
   Elven Halls |   7182 |   6888 |    294 |   2846 |   2711 |   3 | 2394.0 |
        Vaults |  25699 |  24484 |   1215 |  15034 |   5765 |   5 | 5139.8 |
         Crypt |   5158 |   5060 |     98 |   1893 |   2165 |   3 | 1719.3 |
        Depths |  16488 |  16136 |    352 |   8089 |   4891 |   4 | 4122.0 |
           Zot |  13592 |  13413 |    179 |   8819 |   2652 |   5 | 2718.4 |
       Ossuary |   1921 |   1921 |      0 |   1254 |    347 |   1 | 1921.0 |
               +--------+--------+--------+--------+--------+-----+--------+

Top non-repeatable levels by time:
Vaults:3: 6786 daAuts
     D:9: 6015 daAuts
Vaults:1: 5426 daAuts
  Lair:4: 5161 daAuts
 Snake:3: 5060 daAuts
Vaults:2: 5004 daAuts
Depths:3: 4852 daAuts
    D:10: 4650 daAuts
   Zot:4: 4476 daAuts
Vaults:4: 4283 daAuts
Depths:2: 4237 daAuts
 Snake:4: 4237 daAuts
Vaults:5: 4198 daAuts
  Lair:6: 4106 daAuts
Depths:1: 3919 daAuts
